 Dungeon Crawl Stone Soup version 0.30-a0-634-g8abc85282e (webtiles) character file.

Game seed: 4976761046180343173

202066 wormed the Bludgeoner (level 19, -8/156 HPs)
             Began as a Vine Stalker Berserker on Jan 14, 2023.
             Was a High Priest of Trog.
             Mangled by a salamander tyrant (11 damage)
             ... on level 4 of the Snake Pit.
             The game lasted 00:42:32 (26584 turns).

wormed the Bludgeoner (Vine Stalker Berserker)     Turns: 26584, Time: 00:42:33

Health: -8/156     AC: 39    Str: 25    XL:     19   Next: 1%
Magic:  0/20       EV: 16    Int:  3    God:    Trog [*****.]
Gold:   3495       SH: 16    Dex: 20    Spells: 18/18 levels left

rFire   . . .      SeeInvis .    e - +4 eveningstar (flame)
rCold   + . .      Faith    .    X - +2 kite shield {rC+}
rNeg    + + .      Spirit   +    W - +17 Cigotuvi's embrace {Corpsefed rMiasma Drain rN+}
rPois   +          Reflect  .    A - +0 helmet
rElec   +          Harm     .    M - +0 cloak of Untruth {rPois rC- rN+ Dex+3}
rCorr   .          Rampage  .    Q - +2 pair of gloves {hurl}
Will    ++++.                    K - +2 pair of boots Stlth
                                 u - amulet of regeneration
HPRegen 3.06/turn                C - +4 ring of protection
MPRegen 0.17/turn                J - ring "Zorch" {rElec rC+ AC+4 Int-4}

@: berserking (expiring), lethally poisoned (-8 -> -8), weakened, strong-willed,
regenerating, constricted, very quick
A: fangs 3, regeneration 1, magic shield, antimagic bite, no potion heal 2, wild
magic 1
a: Renounce Religion, Berserk, Trog's Hand, Brothers in Arms


You were on level 4 of the Snake Pit.
You worshipped Trog.
Trog was extremely pleased with you.
You visited 4 branches of the dungeon, and saw 26 of its levels.
You also visited: Gauntlet and Volcano.

You collected 3549 gold pieces.
You spent 54 gold pieces at shops.

Inventory:

Hand Weapons
 e - a +4 eveningstar of flaming (weapon)
Missiles
 G - 3 throwing nets (quivered)
Armour
 l - a +1 cloak of preservation
 A - a +0 helmet (worn)
 K - a +2 pair of boots (worn)
 M - the +0 cloak of Untruth (worn) {rPois rC- rN+ Dex+3}
   (You found it in a Gauntlet)

   Dex:       It affects your dexterity (+3).
   rC:        It makes you vulnerable to cold.
   rPois:     It protects you from poison.
   rN:        It protects you from negative energy.
 Q - a +2 pair of gloves of hurling (worn)
 W - the +17 Cigotuvi's embrace (worn) {Corpsefed rMiasma Drain rN+}
   (You took it off a tengu warrior on level 9 of the Dungeon)

   Corpsefed: It gathers nearby corpses to temporarily increase the armour it
   provides.
   rMiasma:   It protects you from foul pestilence.
   rN:        It protects you from negative energy.
   Drain:     It drains your maximum health when unequipped.
 X - a +2 kite shield of cold resistance (worn)
Jewellery
 m - a ring of poison resistance
 o - a ring of positive energy
 u - an amulet of regeneration (around neck)
 y - a ring of magical power
 C - a +4 ring of protection (left hand)
 J - the ring "Zorch" (right hand) {rElec rC+ AC+4 Int-4}
   (You found it in a Gauntlet)

   [ring of protection]

   AC:        It affects your AC (+4).
   Int:       It affects your intelligence (-4).
   rC:        It protects you from cold.
   rElec:     It insulates you from electricity.
 P - a +4 ring of protection
 T - a ring of positive energy
 U - a +6 ring of dexterity
Wands
 g - a wand of flame (51)
 h - a wand of acid (21)
 q - a wand of mindburst (46)
 r - a wand of paralysis (23)
 t - a wand of polymorph (4)
 w - a wand of iceblast (34)
Scrolls
 a - 3 scrolls of torment
 f - 6 scrolls of fear
 i - 14 scrolls of identify
 j - 5 scrolls of enchant armour
 p - 11 scrolls of teleportation
 s - 3 scrolls of magic mapping
 B - a scroll of brand weapon
 E - 5 scrolls of enchant weapon
 H - 2 scrolls of poison
 I - 2 scrolls of fog
 O - 3 scrolls of blinking
Potions
 b - 3 potions of cancellation
 c - 15 potions of curing
 d - 8 potions of attraction
 k - 6 potions of lignification
 n - 4 potions of flight
 v - 5 potions of magic
 x - 3 potions of berserk rage
 D - 3 potions of might
 F - 5 potions of haste
 R - 2 potions of resistance
 S - a potion of mutation
Miscellaneous
 z - a lightning rod (4/4)
 L - a tin of tremorstones (2/2)
 N - a lightning rod (4/4)
 V - a box of beasts


   Skills:
 + Level 13.2 Fighting
 - Level 16.0 Maces & Flails
 + Level 7.1 Throwing
 + Level 12.0 Armour
 + Level 12.0 Dodging
 + Level 13.0 Shields


You had 18 spell levels left.
You didn't know any spells.
Your spell library was empty.

Dungeon Overview and Level Annotations

Branches:
Dungeon (15/15)            Temple (0/1) D:7            Lair (5/5) D:11
 Shoals (0/4) Lair:2        Snake (4/4) Lair:2        Slime (0/5) Lair:5
    Orc (2/2) D:11            Elf (0/3) Orc:2        Vaults (0/5) D:13
 Depths (0/4) D:15        Volcano (visited)         Gauntlet (visited)

Altars:
Ashenzari
Dithmenos
Elyvilon
Hepliaklqana
Nemelex Xobeh
Okawaru
Qazlal
Ru
Trog
Uskayaw
Wu Jian
Xom
The Shining One
Lugonu

Shops:
D:1 :   D:2 ?   D:4 ?   D:9 **   Orc:1 ?   Orc:2 [!([   Snake:1 *

Portals:
Abyss: Lair:5

Annotations:
Lair:5 1 runed translucent door
Snake:3 1 runed translucent door
Snake:4 2 transporters, wormed's ghost, adept SpHu


Innate Abilities, Weirdness & Mutations

You have razor-sharp teeth.
Your natural rate of healing is unusually fast.
When hurt, damage is shared between your health and your magic reserves.
Your bite disrupts and absorbs the magic of your enemies.
Potions cannot restore your health.
Your spells are a little harder to cast, but a little more powerful.


Message History

The anaconda barely misses you. You block the anaconda's attack.
The naga warrior barely misses you.
Your troll bites the naga!
The naga dies!
Trog accepts your kill.
The salamander tyrant completely misses you.
The naga ritualist spits poison at you. The splash of poison misses you.
The splash of poison hits the anaconda.
The anaconda is poisoned.
You hit the naga ritualist but do no damage.
The naga ritualist is severely wounded.
You feel sick.
The anaconda bites you but does no damage.
The anaconda bites you. The anaconda constricts you.
You block the anaconda's attack.
The anaconda bites you but does no damage.
The naga warrior roars a battlecry!
The naga warrior goes into a battle-frenzy!
Your troll misses the anaconda.
Your troll barely misses the anaconda.
Your troll claws the anaconda.
You barely miss the anaconda.
The anaconda is lightly wounded.
The anaconda misses you.
The anaconda bites you but does no damage.
The anaconda constricts you.
* * * LOW HITPOINT WARNING * * *
You block the anaconda's attack. You block the naga warrior's attack.
The anaconda barely misses you.
The naga ritualist hits you but does no damage.
The guardian serpent coils itself and waves its upper body at you.
Your troll barely misses the anaconda.
Your troll closely misses the anaconda.
Your troll claws the anaconda!
You puncture the anaconda! You burn the anaconda.
Your bite misses the anaconda.
The anaconda is severely wounded.
You feel sick. You block the anaconda's attack. The anaconda barely misses you.
The anaconda misses you. The anaconda constricts you. The anaconda misses you.
The salamander tyrant hits you.
* * * LOW HITPOINT WARNING * * *
You are engulfed in flames!
You die...

.......# #......... .......#
....8...8.....###.......
.......##.⌠.........⌠.# ####....
........#....8...8....# ###..
........##.....N.....#### #.)
.........#.....⌠.....#..#### ##.
.........##.....NSN.##.....### ##
..........###..SSN# #........###.
............##.S@####............
..........###..NSN).##.).........
........### ##.T....)##..........
......### ####.....##.........
.......## ###....#.........
........# ########.....#.........
........###.......)...##...##....
.......##........)..###...###....
.......#...)#########.....# #....


You could see a nagaraja (fast, strong), 2 naga warriors, a salamander tyrant
(strong), 4 anacondas, a naga ritualist (strong, catching breath), a guardian
serpent, a naga (strong) and a friendly troll (summoned, berserk).

Vanquished Creatures
  Jorgrun (D:15)
  Kirke (Snake:4)
  A nagaraja (Snake:4)
  Aizul (Snake:4)
  An ettin (Orc:2)
  A fire dragon (D:15)
  Josephine (D:14)
  6 hydras
  An ice dragon (D:15)
  10 anacondas
  2 catoblepae
  4 ogre magi (Orc:2)
  19 two-headed ogres
  4 boulder beetles
  2 dancing weapons (D:13)
  2 centaur warriors
  6 death yaks (Lair:5)
  13 naga warriors
  3 tengu warriors
  22 naga sharpshooters
  A hell hog (Volcano)
  An orc high priest (Orc:2)
  3 shock serpents
  4 thrashing horrors (Lair:5)
  6 skeletal warriors
  A salamander mystic (Snake:3)
  A large abomination (Lair:5)
  9 naga ritualists
  2 lindwurms
  5 orc knights
  11 mana vipers
  A deep elf pyromancer (D:14)
  An oklob plant (Orc:1)
  A shining eye (Gauntlet)
  11 ugly things
  4 orc sorcerers
  13 salamanders
  3 cyclopes
  2 manticores (D:15)
  4 guardian serpents
  27 elephants
  Joseph (D:7)
  40 black mambas
  A molten gargoyle (Lair:2)
  A rust devil (Gauntlet)
  4 smoke demons (Lair:5)
  A torpor snail (Lair:5)
  A gargoyle (D:10)
  11 cane toads
  14 naga magi
  A yaktaur (D:9)
  An unseen horror (D:11)
  A hellion (Gauntlet)
  2 efreet
  2 kobold demonologists
  A freezing wraith (D:15)
  11 komodo dragons
  3 rime drakes (Lair:5)
  3 tengu conjurers (D:15)
  3 ancient zymes (Lair:5)
  7 trolls
  A meliai (shapeshifter) (D:14)
  3 meliai (D:15)
  A red devil (Gauntlet)
  3 hornets
  Prince Ribbit (D:8)
  A polar bear (Lair:3)
  3 dream sheep (Lair:5)
  A blink frog (shapeshifter) (Lair:3)
  39 blink frogs
  12 slime creatures
  2 shadows
  Sigmund (D:3)
  2 ynoxinuls
  36 yaks
  A vampire (D:12)
  A spriggan (Lair:5)
  7 fire bats
  4 wyverns
  3 hogs (Snake:4)
  7 wraiths
  A golden eye (Gauntlet)
  10 basilisks
  A steam dragon (D:8)
  5 vampire mosquitoes
  A chaos spawn (Lair:5)
  56 nagas
  6 wargs
  4 acid dragons
  2 hell hounds
  14 water moccasins
  27 orc warriors
  An ice beast (D:8)
  21 ogres
  3 black bears
  A tengu (shapeshifter) (Lair:5)
  10 wolves
  A phantom (D:6)
  12 centaurs
  8 small abominations (Lair:5)
  5 kobold brigands
  7 bullfrogs
  3 gnoll sergeants
  6 scorpions
  A necrophage (D:4)
  2 two-headed ogre simulacra (D:11)
  5 wights (D:6)
  48 killer bees
  An electric eel (Lair:3)
  2 howler monkeys
  5 hounds
  2 gnoll boudas
  12 orc priests
  2 jellies
  Ijyb (D:3)
  2 iron imps (Gauntlet)
  8 iguanas
  Natasha (thrice) (D:4)
  15 orc wizards
  A spriggan simulacrum (D:11)
  A troll simulacrum (D:11)
  14 gnolls
  5 adders
  A naga simulacrum (D:11)
  2 shadow imps
  3 white imps
  3 dart slugs
  83 orcs
  9 ball pythons
  5 bats
  2 endoplasms
  5 giant cockroaches
  6 goblins
  3 hobgoblins
  5 quokkas
  5 frilled lizards
  21 kobolds
  7 rats
945 creatures vanquished.

Vanquished Creatures (collateral kills)
  A nagaraja (Snake:4)
  A minotaur (Gauntlet)
  A naga warrior (Snake:4)
  An anaconda (Snake:4)
  A boulder beetle (D:9)
  A death yak (Lair:5)
  7 elephants (Lair:3)
  A guardian serpent (Snake:4)
  A cane toad (Lair:5)
  A komodo dragon (Lair:5)
  2 dream sheep (Lair:5)
  4 yaks
  3 nagas (Snake:4)
  An acid dragon (D:9)
26 creatures vanquished.

Vanquished Creatures (others)
  3 humans (Snake:4)
  A basilisk (Lair:5)
  A wyvern zombie (D:9)
  A goblin (D:3)
  19 fungi
  28 plants
53 creatures vanquished.

Grand Total: 1024 creatures vanquished

Notes
Turn   | Place    | Note
-------+----------+-------------------------------------------
     0 | D:1      | wormed the Vine Stalker Berserker began the quest for the
                  | Orb.
     0 | D:1      | Reached XP level 1. HP: 11/11 MP: 2/2
    51 | D:1      | Reached XP level 2. HP: 16/16 MP: 3/3
   163 | D:1      | HP: 1/24 [bat (1)]
   280 | D:1      | Reached skill level 3 in Maces & Flails
   541 | D:1      | Reached XP level 3. HP: 19/19 MP: 4/4
   686 | D:1      | Found Fupazy's Book Emporium.
   689 | D:1      | Reached ** piety under Trog
  1296 | D:2      | Found Yloelal's Magic Scroll Emporium.
  1301 | D:2      | Bought a scroll of identify for 28 gold pieces
  1586 | D:2      | Reached skill level 1 in Shields
  1688 | D:2      | You fall into a shaft and drop 2 floors!
  1736 | D:4      | Gained mutation: Your natural rate of healing is unusually
                  | fast. [Vine Stalker growth]
  1736 | D:4      | Reached XP level 4. HP: 24/24 MP: 5/5
  1752 | D:4      | Noticed a scorpion
  1759 | D:4      | Killed a scorpion
  1760 | D:4      | Reached XP level 5. HP: 28/28 MP: 6/6
  2068 | D:4      | Noticed Natasha
  2074 | D:4      | Killed Natasha
  2075 | D:4      | Reached skill level 4 in Maces & Flails
  2101 | D:4      | Found a glowing golden altar of the Shining One.
  2104 | D:4      | Found a sacrificial altar of Ru.
  2107 | D:4      | Found a bloodstained altar of Trog.
  2110 | D:4      | Found a hide-covered altar of Uskayaw.
  2152 | D:4      | Reached XP level 6. HP: 27/32 MP: 5/7
  2283 | D:4      | Found Ehajot's Magic Scroll Boutique.
  2288 | D:4      | Bought a scroll of identify for 26 gold pieces
  2504 | D:4      | Noticed Natasha
  2514 | D:4      | Killed Natasha
  2759 | D:4      | Reached XP level 7. HP: 37/37 MP: 8/8
  2922 | D:3      | Found a broken altar of Ashenzari.
  2932 | D:3      | Found a white marble altar of Elyvilon.
  3073 | D:3      | Found a shimmering altar of Xom.
  3121 | D:3      | Noticed Sigmund
  3132 | D:3      | Killed Sigmund
  3133 | D:3      | Reached skill level 5 in Maces & Flails
  3808 | D:3      | Found a shadowy altar of Dithmenos.
  3868 | D:3      | Noticed Ijyb
  3885 | D:3      | Killed Ijyb
  3971 | D:3      | Reached *** piety under Trog
  4068 | D:3      | Gained mutation: You have razor-sharp teeth. [Vine Stalker
                  | growth]
  4068 | D:3      | Reached XP level 8. HP: 42/42 MP: 7/9
  4124 | D:4      | Noticed Natasha
  4133 | D:4      | Killed Natasha
  4158 | D:5      | Entered Level 5 of the Dungeon
  4450 | D:5      | Found a sparkling altar of Nemelex Xobeh.
  4593 | D:5      | Reached skill level 6 in Maces & Flails
  5092 | D:6      | Found a hazy altar of Hepliaklqana.
  5138 | D:6      | Reached skill level 5 in Fighting
  5138 | D:6      | Reached XP level 9. HP: 47/47 MP: 10/10
  5339 | D:6      | Reached **** piety under Trog
  5340 | D:6      | Reached skill level 7 in Maces & Flails
  5820 | D:7      | Noticed a cyclops
  5821 | D:7      | Noticed a kobold demonologist
  5822 | D:7      | HP: 2/47 [acid dragon/splash of acid (14)]
  5907 | D:7      | Killed a cyclops
  5908 | D:7      | Reached skill level 5 in Shields
  5908 | D:7      | Reached XP level 10. HP: 53/53 MP: 11/11
  5944 | D:7      | Reached skill level 8 in Maces & Flails
  5944 | D:7      | Reached skill level 5 in Dodging
  6136 | D:7      | Noticed an orange demon
  6136 | D:7      | Killed a kobold demonologist
  6137 | D:7      | Reached skill level 5 in Armour
  6210 | D:7      | Found a stormy altar of Qazlal.
  6255 | D:7      | Found a staircase to the Ecumenical Temple.
  6364 | D:7      | Noticed Joseph
  6387 | D:7      | Killed Joseph
  6657 | D:8      | Noticed Prince Ribbit
  6663 | D:8      | Killed Prince Ribbit
  6935 | D:8      | Paralysed by a hornet for 2 turns
  6939 | D:8      | Paralysed by a hornet for 1 turns
  7421 | D:9      | Found Zoafuos's General Store.
  7468 | D:9      | Reached skill level 9 in Maces & Flails
  7490 | D:9      | Reached XP level 11. HP: 58/58 MP: 12/12
  7506 | D:9      | Found a runed translucent door.
  7516 | D:9      | Noticed a tengu warrior
  7533 | D:9      | Found Taono's Assorted Antiques.
  7706 | D:9      | Found an iron altar of Okawaru.
  8010 | D:9      | Noticed a skeletal warrior
  8048 | D:10     | Entered Level 10 of the Dungeon
  8087 | D:10     | Noticed a two-headed ogre
  8102 | D:10     | Killed a two-headed ogre
  8146 | D:10     | Noticed a two-headed ogre
  8152 | D:10     | Killed a two-headed ogre
  8238 | D:10     | Found an ornate altar of the Wu Jian Council.
  8271 | D:10     | Reached skill level 10 in Maces & Flails
  8340 | D:10     | Reached ***** piety under Trog
  8409 | D:10     | Noticed a two-headed ogre
  8415 | D:10     | Killed a two-headed ogre
  9077 | D:11     | Found a gate leading to a gauntlet.
  9094 | D:11     | Noticed a purple ugly thing
  9109 | Gauntlet | Entered a Gauntlet
  9109 | Gauntlet | Found a transporter.
  9109 | Gauntlet | Found a transporter.
  9117 | Gauntlet | Found a transporter.
  9121 | Gauntlet | Found a transporter.
  9130 | Gauntlet | Found a transporter.
  9133 | Gauntlet | Found a transporter.
  9140 | Gauntlet | Noticed a hell hog
  9141 | Gauntlet | Found a transporter.
  9158 | Gauntlet | Found a transporter.
  9175 | Gauntlet | Found a transporter.
  9176 | Gauntlet | Found a transporter.
  9180 | Gauntlet | Found a runed translucent door.
  9180 | Gauntlet | Found a runed translucent door.
  9184 | Gauntlet | Found a transporter.
  9188 | Gauntlet | Found a transporter.
  9239 | Gauntlet | Reached XP level 12. HP: 63/63 MP: 13/13
  9241 | Gauntlet | Identified the ring "Zorch" {rElec rC+ AC+4 Int-4}
  9304 | Gauntlet | Gained mutation: You are dopey. (Int -2) [a shining eye]
  9316 | Gauntlet | Lost mutation: You are dopey. (Int -2) [potion of mutation]
  9316 | Gauntlet | Gained mutation: You occasionally shout uncontrollably at
                  | your foes. [potion of mutation]
  9316 | Gauntlet | Gained mutation: Your flesh is cold resistant. (rC+)
                  | [potion of mutation]
  9317 | Gauntlet | Lost mutation: Your flesh is cold resistant. (rC+) [potion
                  | of mutation]
  9317 | Gauntlet | Lost mutation: You occasionally shout uncontrollably at
                  | your foes. [potion of mutation]
  9317 | Gauntlet | Gained mutation: Your body sometimes deteriorates upon
                  | taking damage. [potion of mutation]
  9317 | Gauntlet | Gained mutation: Armour fits poorly on your strangely
                  | shaped body. [potion of mutation]
  9317 | Gauntlet | Gained mutation: Your movements are slightly less
                  | encumbered by armour. (ER -2) [potion of mutation]
  9318 | Gauntlet | Lost mutation: Your movements are slightly less encumbered
                  | by armour. (ER -2) [potion of mutation]
  9318 | Gauntlet | Lost mutation: Armour fits poorly on your strangely shaped
                  | body. [potion of mutation]
  9318 | Gauntlet | Lost mutation: Your body sometimes deteriorates upon taking
                  | damage. [potion of mutation]
  9318 | Gauntlet | Gained mutation: You are dopey. (Int -2) [potion of
                  | mutation]
  9318 | Gauntlet | Gained mutation: You occasionally lose the ability to read
                  | scrolls when taking damage. [potion of mutation]
  9458 | Gauntlet | Noticed a minotaur
  9467 | Gauntlet | Killed a minotaur
  9509 | Gauntlet | Identified the +2 barding "Xeikoq" {Slay+5}
  9509 | Gauntlet | Identified the +0 cloak of Untruth {rPois rC- rN+ Dex+3}
  9697 | D:11     | Reached skill level 11 in Maces & Flails
  9705 | D:11     | Lost mutation: You are dopey. (Int -2) [potion of mutation]
  9705 | D:11     | Lost mutation: You occasionally lose the ability to read
                  | scrolls when taking damage. [potion of mutation]
  9705 | D:11     | Gained mutation: Your spells are a little harder to cast,
                  | but a little more powerful. [potion of mutation]
  9727 | D:11     | Noticed a boulder beetle
  9745 | D:11     | Killed a boulder beetle
 10067 | D:11     | Found a staircase to the Orcish Mines.
 10162 | D:11     | Found a staircase to the Lair.
 10320 | Lair:1   | Entered Level 1 of the Lair of Beasts
 11027 | Lair:2   | Noticed a six-headed hydra
 11195 | Lair:2   | Found a staircase to the Shoals.
 11218 | Lair:2   | Reached XP level 13. HP: 66/69 MP: 14/14
 11244 | Lair:2   | Reached skill level 12 in Maces & Flails
 11409 | Lair:2   | Received a gift from Trog
 11697 | Lair:2   | Found a staircase to the Snake Pit.
 12583 | Lair:3   | Reached skill level 13 in Maces & Flails
 12723 | Lair:3   | Reached XP level 14. HP: 66/75 MP: 13/15
 13517 | Lair:4   | Received a gift from Trog
 13916 | Lair:4   | Identified the +6 rapier of the Baleful God {elec, rF++
                  | Will+ Str-3 Dex+2}
 14528 | Lair:5   | Entered Level 5 of the Lair of Beasts
 14606 | Lair:5   | Found a runed translucent door.
 14635 | Lair:5   | Found a staircase to the Slime Pits.
 14780 | Lair:5   | Found a dark tunnel.
 14802 | Volcano  | Entered a volcano
 14824 | Volcano  | Reached skill level 10 in Fighting
 15715 | Lair:5   | Reached skill level 14 in Maces & Flails
 15853 | Lair:5   | Received a gift from Trog
 15917 | Lair:5   | Reached skill level 10 in Shields
 15917 | Lair:5   | Reached XP level 15. HP: 31/81 MP: 16/16
 16301 | Lair:5   | Found a corrupted altar of Lugonu.
 16301 | Lair:5   | Found a one-way gate to the infinite horrors of the Abyss.
 17133 | Lair:5   | Reached skill level 5 in Throwing
 17133 | Lair:5   | Reached XP level 16. HP: 86/86 MP: 17/17
 17715 | D:12     | Identified the +1 robe "Vutenle" {rN+ Slay+3}
 18924 | D:13     | HP: 3/86 [catoblepas/blast of calcifying dust (4)]
 19268 | D:13     | Found a gate to the Vaults.
 19271 | D:13     | Reached skill level 15 in Maces & Flails
 20150 | D:14     | Noticed Josephine
 20161 | D:14     | Reached skill level 10 in Dodging
 20164 | D:14     | Killed Josephine
 20255 | D:14     | Reached skill level 10 in Armour
 20416 | D:14     | Identified a scroll of acquirement
 20417 | D:14     | Acquired 1212 gold pieces
 20437 | D:15     | Entered Level 15 of the Dungeon
 20437 | D:15     | Noticed Jorgrun
 20464 | D:15     | Killed Jorgrun
 20606 | D:15     | Received a gift from Trog
 20667 | D:15     | Reached XP level 17. HP: 91/91 MP: 18/18
 20778 | D:15     | Found a staircase to the Depths.
 21287 | Orc:1    | Entered Level 1 of the Orcish Mines
 21296 | Orc:1    | Found Ownor's Magic Scroll Emporium.
 21812 | Orc:2    | Entered Level 2 of the Orcish Mines
 21955 | Orc:2    | Paralysed by an orc sorcerer for 3 turns
 22093 | Orc:2    | Found a staircase to the Elven Halls.
 22154 | Orc:2    | Received a gift from Trog
 22161 | Orc:2    | Paralysed by something for 5 turns
 22183 | Orc:2    | Reached skill level 16 in Maces & Flails
 22260 | Orc:2    | Found Nuxel's Armour Boutique.
 22260 | Orc:2    | Found Ranweix's Distillery.
 22260 | Orc:2    | Found Kibrimp's Antique Weapon Shoppe.
 22260 | Orc:2    | Found Zoaxihit's Antique Armour Shop.
 22760 | Snake:1  | Entered Level 1 of the Snake Pit
 22876 | Snake:1  | Found a shadowy altar of Dithmenos.
 22910 | Snake:1  | Found Fingu's General Store.
 23214 | Snake:1  | Reached ****** piety under Trog
 23450 | Snake:2  | Received a gift from Trog
 23536 | Snake:2  | Identified the +6 rapier of Darkness {freeze, Dex+5}
 23700 | Snake:2  | Reached XP level 18. HP: 98/98 MP: 19/19
 24822 | Snake:3  | Received a gift from Trog
 25308 | Snake:3  | Found a runed translucent door.
 25576 | Snake:4  | Entered Level 4 of the Snake Pit
 25687 | Snake:4  | Found a transporter.
 25690 | Snake:4  | Noticed Kirke
 25701 | Snake:4  | Killed Kirke
 25776 | Snake:4  | Received a gift from Trog
 25980 | Snake:4  | Noticed wormed's ghost (adept SpHu)
 26013 | Snake:4  | Found a transporter.
 26047 | Snake:4  | Noticed Aizul
 26070 | Snake:4  | Killed Aizul
 26575 | Snake:4  | HP: 7/150 [constriction (2)]
 26578 | Snake:4  | HP: 2/150 [anaconda (7)]
 26580 | Snake:4  | Reached XP level 19. HP: 3/104 MP: 2/20
 26583 | Snake:4  | HP: 3/156 [constriction (1)]
 26584 | Snake:4  | Mangled by a salamander tyrant

Illustrated notes

Levels and vault maps discovered:
D:1:      amcnicky_arrival_underground_garden, layout_basic, serial_shops, shop
D:2:      layout_basic, serial_shops, nicolae_shop_stone
D:3:      layout_rooms, mainiacjoe_overflow_catwalk,
          grunt_dithmenos_smoke_and_mirrors, ashenzari_conservatory_becter,
          dk_xom_monty_hall, grunt_ministairs_15, uniq_ijyb, uniq_sigmund
D:4:      layout_gridville, grunt_temple_overflow_cloverleaf,
          portal_sewer_entry_e, serial_shops, shop, grunt_decor_cap,
          uniq_natasha
D:5:      layout_basic, nemelex_diamond_rough_becter
D:6:      layout_rooms, nicolae_hepliaklqana_hippocampus, interstate_on_off,
          kennysheep_generic_room_12
D:7:      minmay_the_grid_four_pointed_star
          [minmay_the_grid_triangle_9x9_swiss_cheese,
          minmay_the_grid_triangle_9x9_steps,
          minmay_the_grid_triangle_9x9_sprig,
          minmay_the_grid_triangle_9x9_windchime,
          minmay_the_grid_prize_big_room], layout_gridville,
          kennysheep_mini_moat, minmay_temple_entry_fiery, uniq_joseph
D:8:      minmay_general_purpose_star, layout_loops_ring, uniq_prince_ribbit1
D:9:      layout_roguey, mainiacjoe_overflow_tiny_flanked, serial_shops, shop,
          shop, st_stairs_14, minivault_13
D:10:     wad_woods_minihive, layout_irregular_city,
          pdpol_wu_jian_five_deadly_venoms, minmay_misc_feat_alley,
          kennysheep_potato
D:11:     layout_roguey, erik_lair_orcish_takeover, david_orc_5,
          portal_ice_cave_entry_ice_simulacra, gauntlet_entry_generic,
          kennysheep_generic_room_7
D:12:     layout_layer_cave
D:13:     layout_loops_corners, erik_vaults_1
D:14:     layout_basic, chequers_hall_statues_wall_a, uniq_josephine
D:15:     grunt_enter_depths_hoard, layout_rooms, serial_glass, glass_columns_a,
          glass_columns_b, glass_columns_a, glass_columns_b, uniq_jorgrun
Lair:1:   layout_chaotic_city, serial_bayou_shore_b, infiniplex_staircase_pool_2
Lair:2:   layout_gridlike, minmay_shoals_entry_centaurs,
          nicolae_snake_entry_squirm, grunt_megastairs_3, lemuel_fruit_tree
Lair:3:   layout_layer_cave, serial_bayou_shore_a
Lair:4:   layout_layer_cave
Lair:5:   hellmonk_lair_end_abyssal_woods, layout_cave_pods, slime_entry_2,
          nicolae_volcano_entry_lava_flow
Snake:1:  layout_basic, basic_altar, serial_shops, nicolae_diamond_shop
Snake:2:  layout_layer_cave, special_room, drop_trap
Snake:3:  cheibrodos_toxic_ritual, layout_honeycomb
Snake:4:  grunt_snake_rune_serpentine_throne, layout_onion,
          gammafunk_ghost_wrathful_warriors, uniq_aizul, uniq_kirke
Orc:1:    layout_caves, serial_shops, shop, basic_altar, mines3_lemuel
Orc:2:    st_orc_ogre_mass, layout_caves, basic_altar

Skill      XL: |  1  2  3  4  5  6  7  8  9 10 11 12 13 14 15 16 17 18 |
---------------+-------------------------------------------------------+-----
Maces & Flails | 3 4 5 6 7 9 10 11 13 14 15 16 | 16.0
Fighting       | 3 4 5 6 7 8 9 10 11 12 13 | 13.2
Dodging        | 2 3 4 5 6 7 8 9 10 11 12 | 12.0
Shields        | 1 2 3 5 6 7 8 9 10 12 13 | 13.0
Armour         | 2 3 4 5 6 7 8 9 10 11 12 | 12.0
Throwing       | 5 7 |  7.1

Action                   |  1- 3 |  4- 6 |  7- 9 | 10-12 | 13-15 | 16-18 | 19-21 || total
-------------------------+-------+-------+-------+-------+-------+-------+-------++-------
Melee: Mace              |    85 |    83 |    55 |       |       |       |       ||   223
       Bite              |    14 |    27 |   123 |   193 |   316 |   565 |     2 ||  1240
       Punch             |     1 |       |       |       |       |       |       ||     1
       Whip              |       |       |   260 |       |       |       |       ||   260
       Morningstar       |       |       |    34 |   630 |   767 |   357 |       ||  1788
       Eveningstar       |       |       |       |       |       |  1064 |     5 ||  1069
Invok: Berserk           |     1 |     2 |     8 |     3 |     5 |     8 |       ||    27
       Trog's Hand       |       |       |     2 |       |     3 |     4 |       ||     9
       Brothers in Arms  |       |       |       |     2 |     3 |     4 |       ||     9
  Use: Scroll            |     4 |       |    17 |     8 |     3 |     3 |       ||    35
       Potion            |       |       |     1 |     4 |     1 |     1 |       ||     7
 Stab: Distracted        |       |       |       |     2 |     1 |     1 |       ||     4
       Paralysed         |       |       |       |     1 |     2 |     1 |       ||     4
       Confused          |       |       |       |       |     1 |       |       ||     1
       Petrifying        |       |       |       |       |     2 |       |       ||     2
Armor: Animal skin       |    12 |       |       |       |       |       |       ||    12
       Scale mail        |    14 |    34 |   106 |       |       |       |       ||   154
       Ring mail         |       |       |     7 |   201 |       |       |       ||   208
       Chain mail        |       |       |       |   201 |   545 |    49 |       ||   795
       Leather armour    |       |       |       |       |       |   563 |     4 ||   567
Dodge: Dodged            |    59 |    50 |   193 |   399 |   429 |   855 |    11 ||  1996
Block: Buckler           |     6 |    14 |    67 |       |       |       |       ||    87
       Kite shield       |       |       |     5 |   485 |   635 |  1214 |     8 ||  2347

Table legend: (Time is in decaauts)
 A = Elapsed time spent in this place.
 B = Non-inter-level travel time spent in this place.
 C = Inter-level travel time spent in this place.
 D = Time resting spent in this place.
 E = Time spent auto-exploring this place.
 F = Levels seen in this place.
 G = Mean time per level.
                   A        B        C        D        E       F      G
               +--------+--------+--------+--------+--------+-----+--------+
         Total |  26684 |  25278 |   1406 |    356 |  18743 |  28 |  953.0 |
       Dungeon |  14114 |  13264 |    850 |    256 |  10009 |  15 |  940.9 |
          Lair |   6294 |   5892 |    402 |     18 |   4428 |   5 | 1258.8 |
     Snake Pit |   3722 |   3658 |     64 |     81 |   2616 |   4 |  930.5 |
  Orcish Mines |   1317 |   1230 |     87 |      0 |    891 |   2 |  658.5 |
       Volcano |    767 |    767 |      0 |      0 |    567 |   1 |  767.0 |
      Gauntlet |    467 |    467 |      0 |      0 |    231 |   1 |  467.0 |
               +--------+--------+--------+--------+--------+-----+--------+

Top non-repeatable levels by time:
  Lair:5: 1912 daAuts
     D:4: 1328 daAuts
     D:2: 1304 daAuts
    D:12: 1256 daAuts
  Lair:4: 1212 daAuts
  Lair:3: 1207 daAuts
 Snake:2: 1183 daAuts
    D:10: 1119 daAuts
     D:7: 1110 daAuts
  Lair:2: 1097 daAuts
    D:13: 1050 daAuts
 Snake:4: 972 daAuts
    D:11: 953 daAuts
 Snake:3: 913 daAuts
     D:1: 899 daAuts
